[Event "*** Titled Tuesday Blitz"]
[Site "Chess.com"]
[Date "2021.03.30"]
[Round "5"]
[White "UCantHandleDenker"]
[Black "KroshkaKami"]
[Result "0-1"]
[WhiteElo "2533"]
[BlackElo "2451"]
[TimeControl "180+1"]
[EndTime "10:57:18 PDT"]
[Termination "KroshkaKami won on time"]

1. Nf3 d6 2. g3 e5 3. d3 f5 4. Bg2 Nf6 5. O-O Be7 6. c4 O-O 7. Nc3 a5 8. a3 Qe8 9. e3 c6 10. Rb1 Na6 11. b4 axb4 12. axb4 Nc7 13. b5 Ne6 14.
Nd2 Bd7 15. Bb2 Nc5 16. Qc2 Qh5 17. d4 Ne6 18. dxe5 dxe5 19. Nf3 e4 20. Ne5 Be8 21. h3 Ng5 22. h4 Nf3+ 23. Bxf3 exf3 24. Qd1 Ng4 25. Nxf3 Rd8 26. Qe2 Bd7 27. Nh2 f4 28. exf4 Bc5 29. Ne4 Be7 30. Be5 Bf5 31. Rbe1 cxb5 32.
cxb5 b6 33. Ng5 h6 34. Ngf3 Bc5 35. Qc4+ Kh8 36. Kg2 Bd3 37. Qc3 Bxf1+ 38. Rxf1 Nxe5 39. Nxe5 Bd4 40. Qc7 Bxe5 41. fxe5 Qf5 42. Qxb6 Qe4+ 43. Kg1 Qxe5 44. Qc6 Rb8 45. Rb1 Rf5 46. b6 Rf6 47. Qd7 Qd6 48. Qa7 Rxb6 49. Rxb6 Qxb6 50. Qa8+ Kh7 51. Qe4+ Kh8 52. Qe8+ Kh7 53. Qe4+ Kg8 54. Qd5+ Kf8 55. Qa8+ Kf7 56. Qd5+ Qe6 57. Qb7+ Qe7 58. Qd5+ Kf8 59. Qa8+ Qe8 60. Qa3+ Kg8 61. Qb3+ Kh8 62. Nf1 Qe1 63. Qb8+ Kh7 64. Qb6 Rxb6 0-1

[Event "*** Titled Tuesday Blitz"]
[Site "Chess.com"]
[Date "2021.03.30"]
[Round "5"]
[White "nikitadovbnya2008"]
[Black "lucachess49"]
[Result "0-1"]
[WhiteElo "2200"]
[BlackElo "2434"]
[TimeControl "180+1"]
[EndTime "10:57:19 PDT"]
[Termination "lucachess49 won by checkmate"]

1. e4 e5 2. Nf3 Nc6 3. Bb5 a6 4. Ba4 Nf6 5. O-O Be7 6. Re1 b5 7. Bb3 d6 8. c3 O-O 9. h3 Na5 10. Bc2 c5 11. d4 Qc7 12. Nbd2 Nc6 13. d5 Nd8 14. Nf1 Ne8 15. Ng3 g6 16. Bh6 Ng7 17. Nh2 f6 18. Qd2 Nf7 19. Bxg7 Kxg7 20. Rf1 Bd7 21.
Rae1 Rae8 22. f4 exf4 23. Qxf4 Ne5 24. h4 h5 25. Nf3 c4 26. Nd4 Qc5 27. Kh1 Bd8 28.
Nge2 b4 29. Qg3 Kh7 30. Nf4 Rf7 31. Nf3 Bg4 32. Nd4 Bb6 33. Nfe6 Qc8 34. cxb4 Bxd4 35. Nxd4 Ref8 36. a3 Qd8 37. Rf4 g5 38. Rf2 Ng6 39.
hxg5 fxg5 40. Rxf7+ Rxf7 41. e5 dxe5 42. Qxe5 Qf8 43.
Bxg6+ Kxg6 44. Ne6 Rf1+ 45. Kh2 Qf6 46. Qxf6+ Rxf6 47. Nd4 Rd6 48. Re5 Kf6 49. Re3 Rxd5 50. Nc2 Rd2 51.
Rc3 Be6 52. Ne3 Rxb2 53. Nxc4 g4 54. Ne3 Kg5 55. Rc6 Bd7 56. Rd6 Bc8 57. Rc6 Bb7 58.
Rc5+ Kf4 59. Nd5+ Bxd5 60. Rxd5 h4 61. Rd4+ Kf5 62. Rd5+ Ke4 63. Rg5 Kf4 64. Rg8 h3 65. Rf8+ Kg5 66. Rg8+ Kf5 67. Rf8+ Ke6 68. Rg8 Rxg2+ 69. Kh1 Kf5 70. a4 Kf4 71. b5 Rb2 72.
bxa6 Kg3 73. Rxg4+ Kxg4 74. a7 Kg3 75. a8=Q Rb1# 0-1

[Event "*** Titled Tuesday Blitz"]
[Site "Chess.com"]
[Date "2021.03.30"]
[Round "5"]
[White "kuli4ik"]
[Black "wonderfultime"]
[Result "0-1"]
[WhiteElo "2854"]
[BlackElo "2996"]
[TimeControl "180+1"]
[EndTime "10:57:21 PDT"]
[Termination "wonderfultime won by resignation"]

1. Nf3 d5 2. g3 Nd7 3. d4 Nb6 4. Bg2 Nf6 5. O-O Bf5 6. Nh4 Bg4 7. f3 Bh5 8. Nc3 e6 9. a4 a5 10. Qd3 Be7 11. e4 O-O 12. Be3 Nc4 13. Bf2 Nxb2 14. Qb5 Nc4 15. exd5 Nd6 16. Qb3 Nxd5 17. Nxd5 Bxh4 18.
Nf4 Bg5 19. Nxh5 g6 20. Nf4 Bxf4 21. gxf4 Ra6 22. c3 Rc6 23. Rfe1 Qf6 24. Bg3 b6 25. Rac1 h5 26. f5 Nxf5 27. Be5 Qg5 28. f4 Qg4 29. Qd1 Rc4 30. Qxg4 hxg4 31. d5 exd5 32. Bxd5 Rxa4 33. Bxc7 b5 34. Ra1 Rxa1 35. Rxa1 a4 36. Be5 Rc8 37. Rb1 Rc5 38. Ba2 Nh4 39. Kf2 Nf3 40. Bf6 Rc6 41.
Be7 Rxc3 42. Bd5 Nd4 43. Bf6 Rc2+ 44. Ke3 Nf5+ 45. Kd3 Rc5 46. Be4 Nd6 47. Be7 Nxe4 48. Bxc5 Nxc5+ 49. Kd4 Nb3+ 50. Kc3 Kg7 51. Kb4 Nd4 52.
Rd1 Ne2 53. Rf1 Kf6 54. Kxb5 a3 55. Ra1 a2 56. Kc4 Kf5 57. Rxa2 Nxf4 58. Rf2 Ke4 59. Rf1 Ke3 60. Kc5 f5 61. Kd6 Nh5 62. Ke5 Ke2 63. Rb1 Kf2 64. Rb2+ Kg1 65. Rc2 f4 66. Ke4 f3 67. Ke3 Nf6 68. Rd2 g5 69. Rb2 Nd5+ 70.
Ke4 Nf4 71. Ke3 Ng2+ 72. Ke4 f2 73. Rxf2 Kxf2 74. Kf5 Ne3+ 75. Kxg5 Kg2 76. Kh4 Kxh2 77. Kg5 g3 78. Kf4 g2 79. Kxe3 g1=Q+ 80. Kf3 Qg3+ 81. Ke4 Kg2 0-1

[Event "*** Titled Tuesday Blitz"]
[Site "Chess.com"]
[Date "2021.03.30"]
[Round "5"]
[White "Rud_Makarian"]
[Black "CSB7"]
[Result "1/2-1/2"]
[WhiteElo "2798"]
[BlackElo "2673"]
[TimeControl "180+1"]
[EndTime "10:57:24 PDT"]
[Termination "Game drawn by agreement"]

1. d4 d5 2. c4 c6 3. Nf3 Nf6 4. Nc3 e6 5. Bg5 h6 6. Bh4 dxc4 7. e4 g5 8. Bg3 b5 9. h4 g4 10. Ne5 h5 11. Be2 Bb7 12. O-O Nbd7 13. Qc2 Nxe5 14. Bxe5 Bg7 15. Rad1 O-O 16. Qc1 Nh7 17.
Bg3 a6 18. Qe3 Qf6 19. e5 Qh6 20. Bf4 Qg6 21. Ne4 c5 22. Nxc5 Bd5 23. f3 g3 24.
Ne4 f5 25. exf6 Rxf6 26. Bxg3 Rf5 27. Bh2 Raf8 28. f4 Nf6 29. Ng5 Ng4 30. Bxg4 hxg4 31. Rfe1 Bh6 32. Bg3 Bxg5 33. hxg5 R8f7 34. a3 Rh7 35.
Qd2 Qh5 36. Kf2 Qxg5 37. Re5 Qg6 38. Rde1 Rhf7 39. Qe3 Rxe5 40. dxe5 Qc2+ 41. Re2 Qd3 42. Bh4 Qxe3+ 43. Kxe3 Kh7 44. g3 Kg6 45. Kd4 Rc7 46. Rh2 Rc8 47. Bg5 a5 48. Rh6+ Kg7 49. f5 c3 50. f6+ Kf7 51. bxc3 Rc4+ 52. Kd3 Be4+ 53. Kd2 b4 54. axb4 axb4 55. cxb4 Rxb4 56. Bf4 Rb2+ 57. Kc3 Rc2+ 58. Kd4 Bf5 59. Rh8 Rc7 60. Ke3 Rc3+ 61.
Ke2 Rc2+ 62. Kd1 Rc3 63. Rd8 Rd3+ 64. Rxd3 Bxd3 65. Kd2 Bf5 66. Ke3 Kg6 67. Kd4 Kf7 68.
Bd2 Kg6 69. Ke3 Kf7 70. Kf4 Kg6 71. Bb4 Kf7 72. Kg5 Ke8 73. Bc5 Kf7 74. Kh5 Ke8 75. Kg5 Kf7 76. Kh6 Bd3 77. Bd6 Be2 78. Kg5 Bf3 79.
Kf4 Bd1 1/2-1/2

[Event "*** Titled Tuesday Blitz"]
[Site "Chess.com"]
[Date "2021.03.30"]
[Round "5"]
[White "Kotofeyca"]
[Black "MustafayevFarid2004"]
[Result "1-0"]
[WhiteElo "2389"]
[BlackElo "2507"]
[TimeControl "180+1"]
[EndTime "10:57:26 PDT"]
[Termination "Kotofeyca won by resignation"]

1. d4 Nf6 2. c4 e6 3. Nf3 d5 4.
Nc3 Bb4 5. cxd5 exd5 6. a3 Bxc3+ 7. bxc3 O-O 8. Bg5 h6 9. Bh4 c6 10. e3 Qa5 11. Bxf6 Qxc3+ 12. Nd2 gxf6 13. Be2 Bf5 14. O-O Qc2 15. Qe1 Nd7 16. Nf3 Bd3 17. Bxd3 Qxd3 18. Qb4 Nb6 19. Nh4 Qe4 20. g3 Qd3 21. Qd6 Kg7 22.
Qf4 Qe4 23. Nf5+ Kg6 24. Qxe4 dxe4 25. Nd6 f5 26. Nxb7 Rab8 27. Nc5 Rfd8 28. Rfc1 Nd5 29. Rab1 Nb6 30. Na6 Rbc8 31. Nb4 Rd6 32. Rc5 Na4 33. Ra5 Nc3 34. Rb3 Nd5 35. Rxa7 Rb8 36. Ra6 Kg5 37. Rb2 Rb5 38. Kg2 h5 39. h4+ Kg6 40. Rc2 Nxb4 41. axb4 Rxb4 42. Rcxc6 Rxc6 43. Rxc6+ f6 44. Rc7 Rb2 45.
Re7 Rd2 46. Rc7 Ra2 47. Kf1 Ra1+ 48. Ke2 Ra2+ 49. Kf1 Ra1+ 50. Kg2 Ra2 51. Rd7 Rd2 52. Kf1 f4 53. gxf4 Kf5 54. Kg2 Rd1 55. Rg7 Rd2 56. Rg8 Rd1 57. Rd8 Kg4 58. d5 Kxh4 59. d6 f5 60. d7 Rd2 61. Kf1 Kh3 62. Ke1 Rxd7 63. Rxd7 h4 64. Rh7 Kg4 65. Kf1 Kh3 66. Kg1 Kg4 67. Kg2 h3+ 68. Kh2 Kf3 69. Rxh3+ Kxf2 70. Rg3 Ke2 71. Kg2 Kd2 72. Kf2 Kd3 73. Rg5 Kd2 74.
Rxf5 1-0

[Event "*** Titled Tuesday Blitz"]
[Site "Chess.com"]
[Date "2021.03.30"]
[Round "5"]
[White "WisdomGame"]
[Black "Lion-Al-Messi"]
[Result "0-1"]
[WhiteElo "2024"]
[BlackElo "2484"]
[TimeControl "180+1"]
[EndTime "10:57:26 PDT"]
[Termination "Lion-Al-Messi won by checkmate"]

1. e4 e6 2. d3 d5 3. Nd2 Nf6 4. g3 c5 5. Bg2 Nc6 6. Ngf3 Be7 7. O-O b6 8. Re1 Bb7 9. e5 Nd7 10. Qe2 Qc7 11. Nf1 h6 12. h4 O-O-O 13. h5 g5 14.
hxg6 fxg6 15. c4 d4 16. a3 a5 17. Bd2 a4 18. Rab1 g5 19. b4 axb3 20. Rxb3 g4 21. Nh4 Ncxe5 22. Bf4 Bd6 23. Bxb7+ Qxb7 24. Bxe5 Nxe5 25. Reb1 Bc7 26. Nd2 Rhf8 27. Ne4 Nf3+ 28. Nxf3 gxf3 29. Qf1 Qc6 30. Rb5 h5 31. Qh3 h4 32.
Qxh4 Rh8 33. Qe7 e5 34. Qf6 Qxf6 35. Nxf6 Rd6 36. Ng4 Rg6 37. Nh2 Rf8 38. a4 Rc6 39. Re1 Kd7 40. Rbb1 Rcf6 41. Re4 Ra8 42. Ra1 Kc6 43. Rh4 Re8 44. Ng4 Rg6 45. Rh6 Rxh6 46. Nxh6 e4 47. dxe4 Rxe4 48. Rd1 Re2 49. Rd3 Rc2 50.
Rxf3 Rxc4 51. Ra3 Rc1+ 52. Kg2 c4 53. Nf5 d3 54. Nd4+ Kd5 55. Nf3 c3 56. Ra2 c2 57.
Nd2 Rd1 58. Nb3 Kc4 59. a5 Kxb3 60. a6 c1=Q 61. a7 Rg1+ 62. Kh2 Rh1+ 63. Kg2 Qf1+ 64. Kf3 Qd1+ 65. Kg2 Rg1+ 66. Kh2 Kxa2 67. a8=Q+ Kb2 68. Qc6 Qc1 69. Qb5+ Kc3 70. Qc6+ Kd2 71. Qe4 Rh1+ 72. Kg2 Qf1+ 73. Kf3 Qe2+ 74. Qxe2+ dxe2 75. Kg2 e1=Q 76. g4 Qf1+ 77. Kf3 Rh3+ 78. Ke4 Qd3# 0-1

[Event "*** Titled Tuesday Blitz"]
[Site "Chess.com"]
[Date "2021.03.30"]
[Round "5"]
[White "anon219"]
[Black "Firouzja2003"]
[Result "0-1"]
[WhiteElo "2859"]
[BlackElo "3101"]
[TimeControl "180+1"]
[EndTime "10:57:27 PDT"]
[Termination "Firouzja2003 won by checkmate"]

1. e4 b6 2. d4 Bb7 3. Bd3 e6 4. Nf3 d5 5. e5 c5 6. c3 Ne7 7. O-O Nec6 8. a3 Ba6 9. Bxa6 Nxa6 10. Qa4 Qc8 11. b4 Nb8 12. Be3 c4 13. h4 Be7 14. h5 h6 15. Nbd2 O-O 16. Qc2 Nd7 17. Nh2 b5 18. a4 bxa4 19. Rxa4 Nb6 20. Ra2 a5 21. bxa5 Rxa5 22. Rfa1 Rxa2 23. Qxa2 Qb7 24. Qa6 Qxa6 25. Rxa6 Rb8 26. f4 Bd8 27. Nhf3 Ra8 28. Rxa8 Nxa8 29. Nb1 Ba5 30. Kf2 Nb6 31.
Bd2 Na4 32. Ke3 Na7 33. Ng1 Nb5 34. Ne2 f5 35. Kf3 Kf7 36. g4 g6 37. hxg6+ Kxg6 38. gxf5+ Kxf5 39. Ng3+ Kg6 40. Ne2 h5 41. Be1 Bd8 42.
Bf2 Be7 43. Be1 Nb2 44. Nc1 Bd8 45. Kg3 Kf5 46. Kf3 h4 47. Bf2 Nd1 48. Be1 h3 49. Ne2 Ba5 50. Ng3+ Kg6 51. Ne2 h2 52. Kg2 Kf5 53.
Kxh2 Ke4 54. Kg2 Kd3 55. Kf3 Kc2 56. Nd2 Nbxc3 57. Nxc3 Bxc3 58. f5 Bxd4 59. fxe6 Bc5 60. Nf1 Kd3 61. Ng3 d4 62. Nf5 c3 63. Nxd4 Kxd4 64. Bxc3+ Nxc3 65. Kg4 Kxe5 66. e7 Bxe7 67. Kf3 Bc5 68. Kg4 Be3 69. Kf3 Kd4 70. Kg4 Ke4 71. Kg3 Nd5 72. Kg2 Kf4 73. Kf1 Kf3 74. Ke1 Nc3 75. Kf1 Ne4 76. Ke1 Nf2 77. Kf1 Bd2 78. Kg1 Bf4 79. Kf1 Bh2 80. Ke1 Ne4 81. Kd1 Ke3 82.
Kc2 Nd2 83. Kc3 Bd6 84. Kc2 Be5 85. Kc1 Kd3 86. Kd1 Bg3 87. Kc1 Nc4 88. Kd1 Nb2+ 89. Kc1 Kc3 90. Kb1 Kb3 91. Kc1 Bf4+ 92. Kb1 Nc4 93. Ka1 Bc1 94. Kb1 Ba3 95. Ka1 Bb2+ 96. Kb1 Na3# 0-1

[Event "*** Titled Tuesday Blitz"]
[Site "Chess.com"]
[Date "2021.03.30"]
[Round "5"]
[White "XDPS"]
[Black "swisspower96"]
[Result "0-1"]
[WhiteElo "2777"]
[BlackElo "2598"]
[TimeControl "180+1"]
[EndTime "10:57:29 PDT"]
[Termination "swisspower96 won on time"]

1. d4 Nf6 2. Nf3 d5 3. Bf4 c5 4. e3 Nc6 5. Nbd2 cxd4 6. exd4 Bf5 7. c3 e6 8. Qb3 Bd6 9. Bxd6 Qxd6 10. Qxb7 O-O 11.
Qa6 Rab8 12. b3 Qc7 13. Be2 Ne4 14. Nxe4 dxe4 15. Nd2 Ne7 16. Rc1 Qf4 17. Qa3 Nd5 18. Nc4 Qg5 19. g3 Bh3 20. Qb2 Bg2 21. h4 Qf6 22. Rh2 Bf3 23. Ne3 Rfc8 24. Qd2 Rc7 25.
Bf1 h6 26. h5 Rbc8 27. c4 Ne7 28. Rh4 Rd8 29. Nc2 Nf5 30. Rf4 Qg5 31. Rxf3 exf3 32.
Qxg5 hxg5 33. Rd1 Rcd7 34. d5 exd5 35. c5 Re7+ 36. Kd2 d4 37. Bd3 Nh6 38. b4 Ng4 39. Rf1 Ne5 40. a4 Rc7 41. a5 Rb8 42. Rb1 Nc6 43.
a6 Ne5 44. Ra1 f6 45. Ra4 Kf7 46. Be4 Rd8 47. Bd3 Ke6 48. Ra5 f5 49. Rb5 f4 50.
gxf4 gxf4 51. Ra5 Rh8 52. Ra1 Rxh5 53. Rg1 Rh2 54. Rf1 Ng4 55. Ke1 Kf6 56. Bc4 Re7+ 57.
Kd2 Rxf2+ 58. Rxf2 Nxf2 59. b5 Ne4+ 60. Kc1 Nxc5 61. Nxd4 f2 62. Nc6 Re1+ 63. Kd2 f1=Q 64. Bxf1 Rxf1 65. Nxa7 Nxa6 66. bxa6 Ra1 67. Nb5 Rxa6 68.
Ke2 g5 69. Kf3 Ra5 70. Nd6 Ra3+ 71. Kg4 Rg3+ 72. Kh5 Ke5 73. Nf7+ Kf5 74. Nd6+ Ke6 75. Ne4 Ke5 0-1

[Event "*** Titled Tuesday Blitz"]
[Site "Chess.com"]
[Date "2021.03.30"]
[Round "5"]
[White "KrolPawel92OnTwitch"]
[Black "KuzubovYuriy"]
[Result "1/2-1/2"]
[WhiteElo "2625"]
[BlackElo "2851"]
[TimeControl "180+1"]
[EndTime "10:57:43 PDT"]
[Termination "Game drawn by repetition"]

1. e4 c5 2. Ne2 Nc6 3. g3 Nf6 4.
Bg2 d5 5. exd5 Nxd5 6. O-O g6 7. d4 Bf5 8. c4 Ndb4 9. d5 Na5 10. Na3 Bg7 11.
Nc3 O-O 12. Ne4 b6 13. Re1 Nb7 14. Nb5 a6 15. Nbc3 Nd6 16. a3 Nxc4 17. axb4 cxb4 18. Ne2 Nxb2 19. Bxb2 Bxb2 20. Rb1 Bg7 21. Nd4 a5 22.
Nc6 Qd7 23. Qa4 e6 24. Rbd1 Bxe4 25. Bxe4 exd5 26. Bxd5 Kh8 27. Re7 Qd6 28. Bf3 Qf6 29. Kg2 Qc3 30. Rb7 Qa3 31. Qb5 b3 32. Rxb6 a4 33. Ne5 Qb2 34. Bxa8 Bxe5 35. Ra6 Bd4 36. Qf1 a3 37. Bd5 a2 38. Bxb3 Qxb3 39. Rxd4 Qb7+ 40. Kg1 Qb1 41. Rd1 Rb8 42. Qe1 Qxd1 43. Qxd1 Rb1 44.
Ra8+ Kg7 45. Rxa2 Rxd1+ 46. Kg2 h5 47. Re2 g5 48. h4 g4 49. Re5 Kg6 50. Rg5+ Kh6 51.
Rf5 Rd7 52. Rg5 f6 53. Rf5 Kg6 54. Ra5 Rd2 55. Rb5 Rc2 56. Ra5 Rb2 57. Rc5 f5 58.
Rc6+ Kg7 59. Rc7+ Kf6 60. Rd7 Rb6 61. Rh7 Kg6 62. Rc7 f4 63. gxf4 Kf5 64. Rc5+ Kxf4 65. Rxh5 Rb3 66. Rg5 Rh3 67. Rh5 Rb3 68. Rh8 Ra3 69.
Rf8+ Ke5 70. h5 Rh3 71. Rh8 Kf6 72. h6 Kg6 73. Rg8+ Kxh6 74. Rxg4 Ra3 75. Rg3 Ra8 76.
Rg4 Ra3 77. Rh4+ Kg5 78. Rb4 Kf5 79. Rb5+ Kf4 80. Rb4+ Kf5 81. f3 Ra8 82. Kg3 Rg8+ 83. Kf2 Ra8 84. Rb5+ Kf4 85. Rb4+ Kf5 86. Ke3 Re8+ 87.
Kf2 Ra8 1/2-1/2

[Event "*** Titled Tuesday Blitz"]
[Site "Chess.com"]
[Date "2021.03.30"]
[Round "5"]
[White "vinniethepooh"]
[Black "Bigfish1995"]
[Result "1/2-1/2"]
[WhiteElo "2664"]
[BlackElo "3005"]
[TimeControl "180+1"]
[EndTime "10:57:48 PDT"]
[Termination "Game drawn by repetition"]

1. d4 e6 2. c4 f5 3. Nc3 Nf6 4. g3 Bb4 5. Bg2 O-O 6. Nh3 Ne4 7. O-O d5 8. Nf4 c6 9. Qb3 Bd6 10. f3 Nf6 11. Nd3 a5 12. c5 Bc7 13. Bf4 Bxf4 14. gxf4 Kh8 15. e3 Nbd7 16. Ne5 Nxe5 17. fxe5 Nd7 18. f4 b6 19. cxb6 Nxb6 20. Rf3 Bd7 21.
Rh3 Rb8 22. Qd1 Be8 23. Qe1 Qe7 24. Qh4 Qxh4 25. Rxh4 Nc4 26. b3 Nxe3 27. Rc1 Rb4 28. Ne2 a4 29. Rc3 axb3 30. axb3 Ng4 31. Bf3 Nh6 32. Kf2 Ng8 33. Ke3 Ne7 34. Nc1 g5 35. fxg5 f4+ 36. Rxf4 Rxf4 37. Kxf4 Rxd4+ 38. Ke3 Rh4 39.
Kf2 Rxh2+ 40. Kg3 Rd2 41. Bg4 Bf7 42. Rf3 Kg7 43. Nd3 Ng6 44. Bh5 c5 45. Bxg6 Bxg6 46.
Nxc5 Bf5 47. b4 Rc2 48. Nb7 Kg6 49. Nd6 Kxg5 50. Nxf5 exf5 51. Rd3 Rb2 52. Rxd5 Rxb4 53. Rd7 Rb3+ 54. Kf2 h5 55. e6 Rb4 56. Rh7 Re4 57.
e7 Kg6 58. Rh8 Rxe7 59. Kf3 Re4 60. Rg8+ Kf6 61. Rh8 Kg5 62. Rg8+ Kh4 63. Rf8 Re5 64. Kf4 Rb5 65. Rh8 Ra5 66. Rh7 Rd5 67. Rh8 Rd1 68. Kxf5 Rf1+ 69. Ke4 Kg4 70. Rg8+ Kh3 71. Ke3 h4 72.
Ke2 Rf6 73. Rg7 Kh2 74. Rg8 h3 75. Rg7 Ra6 76. Kf2 Ra2+ 77. Kf1 Rg2 78. Rh7 Rg4 79. Rf7 Kg3 80. Kg1 Kh4+ 81. Kh2 Rg2+ 82. Kh1 Rc2 83. Rf3 Kg4 84. Ra3 Re2 85. Ra8 Kg3 86. Rg8+ Kf4 87. Rf8+ Kg4 88. Rg8+ Kh4 89. Rh8+ Kg3 90. Rg8+ Kf3 91.
Rf8+ Kg4 92. Rg8+ Kf4 93. Rf8+ Kg5 94. Rg8+ Kf5 95. Rf8+ Kg4 1/2-1/2

[Event "*** Titled Tuesday Blitz"]
[Site "Chess.com"]
[Date "2021.03.30"]
[Round "5"]
[White "bsnsun"]
[Black "NikolaN98"]
[Result "0-1"]
[WhiteElo "2476"]
[BlackElo "2676"]
[TimeControl "180+1"]
[EndTime "10:57:48 PDT"]
[Termination "NikolaN98 won by checkmate"]

1. Nf3 f5 2. d3 d6 3. Nc3 e5 4. e4 c5 5. Nd5 Nc6 6. Bg5 Be7 7.
Nxe7 Ngxe7 8. exf5 Bxf5 9. Nh4 Be6 10. Be2 O-O 11. Nf3 Qd7 12. Qd2 Nd5 13. h4 Nf4 14.
Bxf4 Rxf4 15. g3 Rff8 16. Ng5 Bd5 17. Ne4 h6 18. a3 b6 19. Rf1 Be6 20. Rg1 d5 21.
Nc3 Nd4 22. O-O-O Rxf2 23. Qe3 Raf8 24. Qxe5 Re8 25. Bh5 Bf7 26. Bxf7+ Qxf7 27. Qd6 Rxc2+ 28. Kb1 Qf2 29. Qxd5+ Kh8 30. Qa2 Rxc3 31. bxc3 Re2 32.
Rgf1 Rxa2 33. Rxf2 Rxf2 34. cxd4 cxd4 35. Re1 Rd2 36. Re8+ Kh7 37. Re7 Rxd3 38. Rxa7 Rxg3 39. Kc2 Rg4 40. Kd3 Rxh4 41. Ra6 h5 42. Rxb6 Rh3+ 43. Kxd4 Rxa3 44. Ke4 Rg3 45. Kf4 Rg6 46. Rb5 Kh6 47. Kf3 Rg4 48. Rb6+ g6 49. Rb5 Rc4 50.
Kg3 Rc3+ 51. Kg2 h4 52. Ra5 g5 53. Ra6+ Kh5 54. Ra5 Kg4 55. Ra4+ Kf5 56. Ra5+ Kg6 57.
Ra6+ Kh5 58. Ra5 Re3 59. Rb5 Re4 60. Ra5 Kg4 61. Ra2 Rd4 62. Rb2 Kf4 63. Rb8 Rd2+ 64. Kg1 g4 65. Rb4+ Kf3 66. Rb3+ Ke4 67. Rb4+ Rd4 68.
Rb3 Kf4 69. Rb8 Re4 70. Rb3 Re3 71. Rb1 Kg3 72. Rc1 h3 73. Rd1 Kh4 74. Rc1 g3 75. Rc4+ Kg5 76. Rc5+ Kf4 77. Rc1 Re2 78. Rd1 Kf3 79.
Rf1+ Rf2 80. Rd1 Kg4 81. Rd4+ Rf4 82. Rd1 Re4 83. Rc1 h2+ 84. Kg2 Re2+ 85. Kh1 Kh3 86.
Rc3 Re1# 0-1

[Event "*** Titled Tuesday Blitz"]
[Site "Chess.com"]
[Date "2021.03.30"]
[Round "5"]
[White "vovachesss"]
[Black "Mihnea2017"]
[Result "1-0"]
[WhiteElo "2656"]
[BlackElo "2461"]
[TimeControl "180+1"]
[EndTime "10:57:51 PDT"]
[Termination "vovachesss won by resignation"]

1. d4 Nf6 2. Bf4 e6 3. Nc3 d5 4. Nb5 Na6 5. e3 c6 6. Nc3 Nc7 7. Bd3 Bd6 8. Nge2 b6 9. O-O O-O 10. e4 dxe4 11. Nxe4 Nxe4 12. Bxe4 Bb7 13. c3 Nd5 14. Be5 c5 15. c4 Ne3 16. Bxh7+ Kxh7 17. fxe3 Bxe5 18. dxe5 Qg5 19. Nf4 Qxe5 20. Qd3+ Be4 21. Qe2 Rad8 22. Rad1 Kg8 23. b3 Bc6 24. Qf2 Qe4 25.
Qg3 Qe5 26. Kh1 a5 27. Qg4 a4 28. Nh5 f5 29. Qg5 Rxd1 30. Rxd1 axb3 31. axb3 Ra8 32. h3 Ra2 33. Rd8+ Kf7 34. Nf4 Qf6 35. Qh5+ Ke7 36. Rc8 Bd7 37. Rb8 Ra1+ 38. Kh2 Qe5 39. Qg5+ Kd6 40. Rxb6+ Kc7 41. Rb5 Bxb5 42. cxb5 Kb6 43.
Qe7 Kxb5 44. Qe8+ Kb6 45. Qd8+ Qc7 46. Qf8 g5 47. b4 gxf4 48. bxc5+ Qxc5 49. Qb8+ Kc6 50. Qc8+ Kd5 51. Qd7+ Qd6 52. Qb5+ Ke4 53. Qc4+ Kxe3 54.
Qc3+ Qd3 55. Qxa1 f3 56. Qe5+ Qe4 57. Qc3+ Kf4 58. Qd2+ Qe3 59. Qb4+ Kg5 60. h4+ Kg6 61. Qe7 Qf4+ 62. Kh1 f2 63. Qe8+ Kf6 64. Qh8+ Ke7 65. Qg7+ Kd8 66. Qf8+ Kc7 67. Qe7+ Kc6 68. Qxe6+ Kc5 69. Qe7+ Kc4 70. Qe2+ Kd4 71. Qd1+ Ke4 72.
Qc2+ Ke5 73. Qc3+ Qd4 74. Qg3+ Kd5 75. Qf3+ Kc5 76. Qxf5+ Kb4 77. Qb1+ Kc3 78. g3 Qd5+ 79. Kh2 Qf3 80. Qf1 Kd2 81. Kh3 Qe2 82. Kg2 Ke3 83. Qc1+ Ke4 84. Qc6+ Kd3 85. Qd5+ Ke3 86. Qe5+ Kd2 87.
Qf4+ Ke1 88. Qc1+ Qd1 89. Qxd1+ Kxd1 90. Kxf2 1-0

[Event "*** Titled Tuesday Blitz"]
[Site "Chess.com"]
[Date "2021.03.30"]
[Round "5"]
[White "enriquetejedor"]
[Black "SaraciNderim"]
[Result "0-1"]
[WhiteElo "2612"]
[BlackElo "2812"]
[TimeControl "180+1"]
[EndTime "10:57:53 PDT"]
[Termination "SaraciNderim won by resignation"]

1. e4 e5 2. Nf3 Nc6 3. Bc4 Bc5 4. c3 Nf6 5. d4 exd4 6. cxd4 Bb4+ 7. Bd2 Bxd2+ 8. Nbxd2 d5 9. exd5 Nxd5 10. Qb3 Na5 11. Qa4+ Nc6 12. Qb3 Nce7 13. O-O O-O 14. Ne4 Nb6 15.
Be2 Be6 16. Qa3 Bd5 17. Nc3 c6 18. Ne5 Be6 19. Rad1 Nf5 20. Qc5 Nd7 21. Nxd7 Bxd7 22. d5 Qb6 23. Qxb6 axb6 24. a3 g6 25. Bg4 Rad8 26. Ne4 Kg7 27. dxc6 bxc6 28. Bxf5 Bxf5 29. Nd6 Be6 30. Rd2 Rd7 31. h3 Rfd8 32. Rfd1 Kf8 33. Ne4 Ke7 34. Kf1 h6 35. Ke1 Bf5 36. Rxd7+ Bxd7 37. Nc3 Rb8 38. Rd3 Be6 39. Re3 b5 40. Ne4 b4 41. a4 b3 42. Nc5 Kd6 43. Nxe6 fxe6 44.
Kd2 Rb4 45. Kc3 Rxa4 46. Kxb3 Ra1 47. Rd3+ Ke7 48. Kc2 Rg1 49. Rg3 g5 50. Kd2 Rf1 51. Ke2 Rc1 52. Kd2 Rb1 53. Rb3 Kd6 54. Ke2 c5 55. Rb8 c4 56. Kd2 h5 57. Kc2 Rg1 58. g3 Rh1 59. Kc3 Rxh3 60. Kxc4 Rh2 61. Rf8 h4 62. b4 h3 63. Kd3 Rh1 64. Ke2 g4 65.
Rg8 Rb1 66. Rh8 Rxb4 67. Ke3 Ra4 68. Rh5 Ke7 69. Ke2 Kf6 70. Rh8 e5 71. Rh6+ Kf5 72. Rh5+ Ke4 73. Rg5 Ra2+ 74. Kf1 Ra1+ 75. Ke2 h2 76.
Rxg4+ Kd5 77. Rh4 h1=Q 78. Rxh1 Rxh1 79. Kf3 e4+ 80. Kf4 Ra1 81. g4 Ra3 82. Kg5 Rf3 0-1

[Event "*** Titled Tuesday Blitz"]
[Site "Chess.com"]
[Date "2021.03.30"]
[Round "5"]
[White "adricalderon8"]
[Black "GregShahade"]
[Result "1/2-1/2"]
[WhiteElo "2518"]
[BlackElo "2710"]
[TimeControl "180+1"]
[EndTime "10:58:04 PDT"]
[Termination "Game drawn by repetition"]

1. Nf3 Nf6 2. b3 g6 3. Bb2 Bg7 4. c4 a6 5. g3 b5 6. Bg2 Bb7 7. O-O O-O 8. e3 c5 9. Qe2 Nc6 10. Rd1 d6 11. d4 cxd4 12. exd4 bxc4 13. bxc4 Rc8 14. Nbd2 Qd7 15. Nb3 Nb8 16. Na5 Be4 17. d5 Qc7 18. Bc3 Bxf3 19. Bxf3 Nfd7 20. Bxg7 Kxg7 21. Nb3 Ne5 22. Rac1 Nxf3+ 23. Qxf3 Nd7 24. Qe2 Rfe8 25. f4 a5 26. Nd4 Nc5 27. Kg2 Qd7 28.
Nb5 a4 29. Rc3 e5 30. dxe6 Rxe6 31. Re3 Rce8 32. Rxe6 Rxe6 33. Qb2+ Kg8 34. Qd4 Re2+ 35. Kf1 Rxa2 36. Rd2 Qh3+ 37. Kg1 Rxd2 38. Qxd2 Qe6 39.
Nxd6 a3 40. Nb5 Qxc4 41. Nxa3 Qe6 42. Nc2 Nd7 43. Ne3 Nf6 44. Qd4 h5 45. Kg2 Ng4 46. Nxg4 hxg4 47. Qd8+ Kg7 48. Qd4+ Kg8 49. Qf2 Qe4+ 50.
Kg1 Qb1+ 51. Qf1 Qe4 52. Qf2 Qb1+ 53. Qf1 Qe4 54. Qd1 Qe3+ 55. Kg2 Qe4+ 56. Kf2 Qc4 57. Qxg4 Qc2+ 58. Qe2 Qc5+ 59. Kg2 Qd5+ 60. Qf3 Qd2+ 61. Qf2 Qd5+ 62. Kg1 Qd1+ 63. Qf1 Qd4+ 64. Kg2 Qd5+ 65. Kh3 Qh5+ 66. Kg2 Qd5+ 67. Kf2 Qd2+ 68. Qe2 Qd4+ 69.
Qe3 Qb2+ 70. Kf3 Qxh2 71. Qe8+ Kg7 72. Qe5+ Kg8 73. Qf6 Qh1+ 74. Kf2 Qh2+ 75. Kf3 Qh1+ 76. Ke3 Qe1+ 77. Kf3 Qf1+ 78. Ke3 Qe1+ 79. Kf3 Qf1+ 80. Ke4 Qg2+ 81. Ke5 Qxg3 82. Qd8+ Kg7 83. Qf6+ Kg8 84. Qd8+ Kh7 85. Qf8 Qc3+ 86. Ke4 Qf6 87. Kf3 g5 88. Kg2 Qxf4 89. Kg1 Qg4+ 90. Kf2 Qf5+ 91. Kg2 Qg6 92.
Kg1 Qb1+ 93. Kg2 Qc2+ 94. Kg1 Qb1+ 95. Kg2 Qf5 96. Kg1 Qf6 97. Kg2 Qg7 98. Qd8 f6 99. Qd3+ Qg6 100. Qd7+ Kh6 101. Qh3+ Qh5 102. Qe6 Kg6 103. Qe8+ Kh6 104. Qh8+ Kg6 105. Qe8+ Kh6 106. Qh8+ Kg6 107. Qe8+ 1/2-1/2

[Event "*** Titled Tuesday Blitz"]
[Site "Chess.com"]
[Date "2021.03.30"]
[Round "5"]
[White "Orest_Vovk"]
[Black "tusplingher"]
[Result "1/2-1/2"]
[WhiteElo "2473"]
[BlackElo "2284"]
[TimeControl "180+1"]
[EndTime "10:58:11 PDT"]
[Termination "Game drawn by repetition"]

1. Nf3 g6 2. Rg1 Bg7 3. g4 e6 4.
g5 Ne7 5. d3 d5 6. c3 Nbc6 7.
h4 Bd7 8. h5 gxh5 9. Bh3 Ng6 10. Be3 Qe7 11. Nbd2 O-O-O 12. Qc2 e5 13. Bxd7+ Qxd7 14. Nb3 Rhe8 15. Nc5 Qd6 16. Qa4 d4 17. Qb5 Rd7 18.
Qxb7+ Kd8 19. Nxd7 Kxd7 20. Bc1 e4 21. dxe4 dxc3 22.
e5 Ngxe5 23. Nxe5+ Nxe5 24. Be3 c2 25. Rc1 Rd8 26.
Rxc2 Ke8 27. Qb5+ c6 28. Rd2 Qxd2+ 29. Bxd2 cxb5 30. Bc3 Kf8 31. f4 Ng6 32. Bb4+ Kg8 33. e3 Re8 34. f5 Nf4 35. Kd2 Nd5 36. Bc5 Bxb2 37. Bxa7 Bc3+ 38. Kd3 Ba5 39. e4 Nb4+ 40. Ke3 Nd5+ 41. Kd4 Bb6+ 42. Bxb6 Nxb6 43. e5 Nd7 44. Re1 h4 45. Kd5 h3 46. e6 fxe6+ 47. fxe6 Nb6+ 48. Kc6 h2 49. Kxb5 Rxe6 50. Rh1 Nd5 51. Rxh2 Nc3+ 52. Kc4 Ne4 53. Kd5 Re8 54. Rg2 Nc3+ 55. Kd4 Ne2+ 56. Kc5 Nf4 57. Rg4 Ne6+ 58. Kd6 Kf7 59. Rg1 Rd8+ 60. Ke5 Nf8 61. Rf1+ Kg7 62. Rb1 Ng6+ 63. Kf5 Rd5+ 64. Kg4 Rd4+ 65. Kg3 Rd3+ 66. Kg4 Rd2 67.
Rb7+ Kg8 68. Rb8+ Nf8 69. a4 Rd4+ 70. Kh5 Rxa4 71. Rc8 Ra5 72. Rb8 Re5 73. Ra8 Rf5 74. Rb8 Kg7 75. Rb7+ Rf7 76. Rb6 Nd7 77. Re6 Nc5 78.
Rd6 Ne4 79. Re6 Nf2 80. g6 Rf5+ 81. Kh4 hxg6 82. Re7+ Kf6 83. Re8 Rh5+ 84. Kg3 Nh1+ 85. Kg2 Kg5 86. Re5+ Kh6 87. Re8 Rg5+ 88. Kxh1 Kg7 89.
Kh2 Kf6 90. Ra8 Rf5 91. Ra6+ Kg5 92. Ra8 Kf4 93. Kg2 g5 94. Ra4+ Ke3 95. Ra3+ Kd4 96. Ra4+ Ke3 97. Ra3+ Ke4 98. Ra4+ Ke5 99. Ra5+ Ke4 100.
Ra4+ Ke3 1/2-1/2